 Dungeon Crawl Stone Soup version 0.23.0 (webtiles) character file.

Game seed: 5096634610295253152

225 Gazerockf the Shooter (level 5, -3/40 HPs)
             Began as a Centaur Arcane Marksman on Feb 17, 2019.
             Slain by Crazy Yiuf
             ... wielding a +3 quarterstaff of chaos
              (13 damage)
             ... on level 2 of the Dungeon.
             The game lasted 00:10:15 (2379 turns).

Gazerockf the Shooter (Centaur Arcane Marksman)     Turns: 2379, Time: 00:10:15

Health: -3/40      AC:  4    Str: 16    XL:     5   Next: 68%
Magic:  6/6        EV:  9    Int: 12    God:
Gold:   114        SH:  0    Dex: 10    Spells: 5/6 levels left

rFire    . . .     SeeInvis .   a - +0 shortbow
rCold    . . .     Gourm    .   (shield currently unavailable)
rNeg     . . .     Faith    .   e - +0 robe
rPois    .         Spirit   .   (no helmet)
rElec    .         Reflect  .   (no cloak)
rCorr    .         Harm     .   (no gloves)
MR       .....                  (no barding)
Stlth    +.........             (no amulet)
HPRegen  0.13/turn              t - +3 ring of strength
MPRegen  0.10/turn              (no ring)

@: slowed, drained
A: large, hooves 3, deformed body, speed 2, tough skin 3
a: no special abilities


You were on level 2 of the Dungeon.
You were not hungry.

You visited 1 branch of the dungeon, and saw 4 of its levels.

You collected 114 gold pieces.

Inventory:

Hand Weapons
 a - a +0 shortbow (weapon)
 q - a +2 vampiric short sword
 u - a +1 rapier of draining
Missiles
 d - 12 arrows (quivered)
Armour
 e - a +0 robe (worn)
Jewellery
 t - a +3 ring of strength (left hand)
 x - an uncursed ring of protection from cold {unknown}
Scrolls
 g - a scroll of fear {unknown}
 h - 3 scrolls of identify {unknown}
 k - 2 scrolls of teleportation {unknown}
 l - 3 scrolls of enchant weapon {unknown}
 o - a scroll of noise {unknown}
 p - 4 scrolls of remove curse {unknown}
 s - a scroll of immolation {unknown}
 v - a scroll of enchant armour {unknown}
Potions
 b - 2 potions of heal wounds {unknown}
 c - a potion of curing
 i - a potion of ambrosia {unknown}
 j - a potion of mutation {unknown}
 m - 3 potions of lignification {unknown}
 n - a potion of haste {unknown}
 w - a potion of resistance
Comestibles
 f - 5 rations


   Skills:
 - Level 1.0(0.4) Fighting
 * Level 6.8(6.1) Bows
 - Level 1.3(0.8) Dodging
 - Level 1.0(0.4) Spellcasting
 * Level 3.9(3.2) Hexes


You had 5 spell levels left.
You knew the following spells:

 Your Spells              Type           Power        Failure   Level  Hunger
a - Corona                Hex            #......      9%          1    ##.....

Your spell library contained the following spells:

 Spells                   Type           Power        Failure   Level  Hunger
 Slow                     Hex            #.......     13%         2    ###....
 Inner Flame              Hex/Fire       #.......     45%         3    ####...
 Portal Projectile        Hex/Tloc       #.....       45%         3    ####...
 Cause Fear               Hex            #.........   63%         4    #####..
 Leda's Liquefaction      Hex/Erth       #.........   86%         4    #####..


Dungeon Overview and Level Annotations

Branches:
Dungeon (4/15)
 Temple: D:4-7

Altars:
Wu Jian

Annotations:
D:2 Crazy Yiuf


Innate Abilities, Weirdness & Mutations

You have hooves in place of feet.
Armour fits poorly on your strangely shaped body.
You cover ground very quickly.
You have extremely tough skin. (AC +3)


Message History

Crazy Yiuf barely misses you.
Crazy Yiuf screams, "Ten Xom water!"
Crazy Yiuf hits you with a +3 quarterstaff of chaos.
You feel drained.
* * * LOW HITPOINT WARNING * * *
There is a stone staircase leading down here.
Crazy Yiuf says, "Iron sing song!"; Crazy Yiuf whimpers, "Sif Muna!"
Crazy Yiuf hits you with a +3 quarterstaff of chaos!
* * * LOW HITPOINT WARNING * * *
Okay, then.
It was a potion of curing.
You feel better. Crazy Yiuf barely misses you.
You are too injured to fight recklessly!
Firing (i - inventory)
d - 13 arrows (quivered)
Press: ? - help, Shift-Dir - straight line, f/p - Crazy Yiuf
Aim: Crazy Yiuf, wielding a +3 quarterstaff of chaos and wearing a +0 cloak (lightly wounded, unusually resistant)
You shoot an arrow. The arrow hits Crazy Yiuf.
Crazy Yiuf is moderately wounded.
Crazy Yiuf says, "Ghoul!"
Crazy Yiuf hits you with a +3 quarterstaff of chaos!
You die...

#.# #..........# #.#.##.#
#.# #..........#
#####.#....# #.#
#..........###.....######
#.# #...............####
#.# #...............# #.#
#........[......# #.#
#......#.......## ..#
#####<##..###### ###
#.##.@##############
#.##.g.>...........# ####
#.####.###########.# ...#
#.# #># #.# ...##### #.#
#.### #.# .......# #.#
#...## #.# .......# #.#
#.#..## #.# .......# #.#
#.#...# ####.# .......#
#.# ##....# #....#


You could see Crazy Yiuf.

Vanquished Creatures
  A hound (D:2)
  An orc wizard (D:3)
  Jessica (D:2)
  A hound skeleton (D:4)
  4 adders
  An ooze (D:3)
  3 worms
  2 dart slugs (D:1)
  4 leopard geckos
  6 orcs
  5 ball pythons
  11 bats
  3 giant cockroaches
  7 goblins
  6 hobgoblins
  A quokka (D:2)
  3 frilled lizards
  6 kobolds
  9 rats
75 creatures vanquished.

Notes
Turn   | Place    | Note
-------+----------+-------------------------------------------
     0 | D:1      | Gazerockf the Centaur Arcane Marksman began the quest for
                  | the Orb.
     0 | D:1      | Reached XP level 1. HP: 16/16 MP: 2/2
    65 | D:1      | Reached skill level 3 in Bows
    96 | D:1      | Reached XP level 2. HP: 23/23 MP: 3/3
   124 | D:1      | Reached skill level 4 in Bows
   382 | D:1      | Reached XP level 3. HP: 28/28 MP: 4/4
   617 | D:2      | Noticed Jessica
   621 | D:2      | Killed Jessica
   621 | D:2      | Reached skill level 5 in Bows
   657 | D:2      | Reached XP level 4. HP: 30/35 MP: 5/5
   789 | D:2      | Found a runed translucent door.
   790 | D:2      | Noticed Crazy Yiuf
   816 | D:2      | Reached skill level 6 in Bows
  1175 | D:2      | You fall through a shaft for 2 floors!
  1266 | D:4      | Reached XP level 5. HP: 27/40 MP: 6/6
  1745 | D:3      | Found an ornate altar of the Wu Jian Council.
  2379 | D:2      | Slain by Crazy Yiuf

Skill      XL: |  1  2  3  4 |
---------------+-------------+-----
Bows           | 3 4 5 6 |  6.8
Hexes          | 3 |  3.9
Fighting       | |  1.0
Dodging        | |  1.3
Spellcasting   | |  1.0

Action                   |  1- 3 |  4- 6 || total
-------------------------+-------+-------++-------
Melee: Shortbow          |     6 |     7 ||    13
       Kick              |     2 |     3 ||     5
       Rapier            |       |     2 ||     2
 Fire: Shortbow          |    98 |   167 ||   265
 Cast: Corona            |     2 |       ||     2
  Use: Potion            |       |     1 ||     1
  Eat: Ration            |       |     1 ||     1
       Chunk             |       |     1 ||     1
Armor: Robe              |    12 |    20 ||    32
Dodge: Dodged            |    17 |    46 ||    63
